 Dungeon Crawl Stone Soup version 0.26.1-11-gd32895ea62 (webtiles) character file.

Game seed: 14036933313272224060

1530 Ijustatesigmund the Shield-Bearer (level 8, 0/57 HPs)
             Began as an Octopode Fighter on July 1, 2021.
             Was a Follower of Cheibriados.
             Killed from afar by a white imp (9 damage)
             ... with a puff of frost
             ... on level 6 of the Dungeon.
             The game lasted 00:09:00 (6314 turns).

Ijustatesigmund the Shield-Bearer (OpFi)            Turns: 6314, Time: 00:09:01

Health: 0/57       AC:  1    Str: 23    XL:     8   Next: 85%
Magic:  10/10      EV: 14    Int: 13    God:    Cheibriados [*.....]
Gold:   275        SH: 13    Dex: 15    Spells: 7/7 levels left

rFire    . . .     SeeInvis +   a - +0 broad axe
rCold    . . .     Faith    .   b - +2 kite shield
rNeg     . . .     Spirit   .   (helmet restricted)
rPois    .         Reflect  .   (no amulet)
rElec    .         Harm     .   e - ring of see invisible
rCorr    .         Rampage  .   l - ring of attention (curse)
Will     .....                  n - +6 ring of strength
Stlth    +++.......             (no ring)
HPRegen  0.19/turn              (no ring)
MPRegen  0.12/turn              (no ring)
                                (no ring)
                                (no ring)

@: mighty, very slow
A: almost no armour, stealthy swim, amphibious, 8 rings, constrict 8, camouflage
1, gelatinous body 1
a: Renounce Religion, Bend Time


You were on level 6 of the Dungeon.
You worshipped Cheibriados.
Cheibriados was aware of your devotion.
You visited 2 branches of the dungeon, and saw 7 of its levels.

You collected 275 gold pieces.

Inventory:

Hand Weapons
 a - a +0 broad axe (weapon)
Armour
 b - a +2 kite shield (worn)
Jewellery
 e - a ring of see invisible (left tentacle)
 l - a cursed ring of attention (right tentacle)
 n - a +6 ring of strength (on tentacle)
Wands
 r - a wand of flame (14)
Scrolls
 j - 2 scrolls of fear
 k - a scroll of teleportation
 o - 2 scrolls of amnesia
 q - a scroll of immolation
 s - a scroll of remove curse {unknown}
Potions
 c - a potion of might
 d - 3 potions of flight
 f - a potion of haste
 g - a potion of ambrosia
 h - a potion of attraction
 i - 4 potions of curing
 m - a potion of magic {unknown}
 p - a potion of cancellation {unknown}
 t - 4 potions of lignification {unknown}
 u - a potion of invisibility {unknown}


   Skills:
 + Level 5.6 Fighting
 + Level 5.5 Axes
 + Level 5.6 Dodging
 - Level 4.1 Stealth
 + Level 5.6 Shields
 + Level 2.7 Invocations


You had 7 spell levels left.
You didn't know any spells.
Your spell library contained the following spells:

 Spells                   Type           Power        Failure   Level
 Corona                   Hex            0%           71%         1
 Ensorcelled Hibernation  Hex/Ice        0%           83%         2
 Confusing Touch          Hex            0%           97%         3
 Dazzling Flash           Conj/Hex       0%           97%         3
 Tukima's Dance           Hex            0%           97%         3


Dungeon Overview and Level Annotations

Branches:
Dungeon (6/15)             Temple (1/1) D:5

Altars:
Ashenzari
Cheibriados
Dithmenos
Fedhas
Gozag
Hepliaklqana
Kikubaaqudgha
Makhleb
Okawaru
Qazlal
Sif Muna
Trog
Xom
Zin

Shops:
D:5 }   D:6 [=*

Annotations:
D:6 2 transporters, TangoThomas's ghost, novice HaAK


Innate Abilities, Weirdness & Mutations

You cannot wear most types of armour.
You are very stealthy in the water. (Stealth+)
You are amphibious.
You can wear up to eight rings at the same time.
You can use your tentacles to constrict eight enemies at once.
Your skin changes colour to match your surroundings (Stealth+).
Your rubbery body absorbs attacks. (AC +1, EV +1)


Message History

You slash the white imp! Your grab misses the white imp.
The white imp is almost dead.
A rat comes into view.
The white imp hits you.
* * * LOW HITPOINT WARNING * * *
The white imp freezes you.
* * * LOW HITPOINT WARNING * * *
You closely miss the white imp. Your grab misses the white imp.
The white imp is almost dead.
You block the white imp's attack.
A rat comes into view.
The white imp hits you.
* * * LOW HITPOINT WARNING * * *
The white imp freezes you.
* * * LOW HITPOINT WARNING * * *
You feel better.
The white imp grins evilly.
The white imp gestures at you. The puff of frost hits you!
You die...

............####
....<...#......#
..........#....#
.......##.#)####
?.∩..>.##.#.#
.....$###(#.#
.......*#...#
.......*##..##########
,,,,,,,* #>.....@5Srr#
,,,,,,,*
###########.#*****
,,,,,,,* *,,,,,,*
,,,,,,** *,,,,≈≈*
,,,,,** *,,≈≈≈≈*
****** **≈≈≈≈≈* *
*≈≈≈≈∩* * *******


You could see a white imp, a ball python and 2 rats.

Vanquished Creatures
  Edmund (D:6)
  A black bear (D:5)
  2 orc warriors (D:6)
  3 phantoms
  An ogre (D:3)
  A centaur (D:5)
  A bullfrog (D:6)
  3 howler monkeys
  A hound (D:4)
  3 orc priests
  2 orc wizards
  A gnoll shaman (D:6)
  A centaur skeleton (D:5)
  3 worker ants (D:4)
  A hound skeleton (D:4)
  A howler monkey zombie (D:5)
  2 adders
  5 gnolls
  A shadow imp (D:5)
  2 white imps (D:5)
  An ufetubus (D:5)
  An ooze (D:4)
  An adder zombie (D:6)
  An adder skeleton (D:4)
  2 worms
  2 dart slugs
  5 leopard geckos
  18 orcs
  6 bats
  4 giant cockroaches
  4 goblins
  5 hobgoblins
  10 kobolds
  2 quokkas (D:5)
  A ball python (D:1)
  4 frilled lizards
  A leopard gecko skeleton (D:4)
  A quokka skeleton (D:5)
  2 rats
107 creatures vanquished.

Vanquished Creatures (others)
  6 plants (D:6)
  5 toadstools (D:6)
11 creatures vanquished.

Grand Total: 118 creatures vanquished

Notes
Turn   | Place    | Note
-------+----------+-------------------------------------------
     0 | D:1      | Ijustatesigmund the Octopode Fighter began the quest for
                  | the Orb.
     0 | D:1      | Reached XP level 1. HP: 16/16 MP: 1/1
   333 | D:1      | Reached XP level 2. HP: 20/21 MP: 2/2
   705 | D:1      | Reached XP level 3. HP: 26/26 MP: 3/3
  1861 | D:2      | Reached XP level 4. HP: 31/31 MP: 4/4
  2173 | D:3      | Noticed an ogre
  2180 | D:3      | Killed an ogre
  2181 | D:3      | Reached XP level 5. HP: 37/37 MP: 5/5
  2322 | D:3      | Found a bloodstained altar of Trog.
  2852 | D:3      | Found a snail-covered altar of Cheibriados.
  3415 | D:4      | Reached skill level 1 in Stealth
  3486 | D:4      | Reached XP level 6. HP: 38/43 MP: 6/6
  3868 | D:4      | Noticed a phantom
  3883 | D:4      | Killed a phantom
  4052 | D:4      | Reached XP level 7. HP: 9/48 MP: 7/7
  4516 | D:5      | Entered Level 5 of the Dungeon
  4936 | D:5      | Found Lahoxetz's Gadget Emporium.
  4964 | D:5      | Found a staircase to the Ecumenical Temple.
  5017 | Temple   | Entered the Ecumenical Temple
  5162 | D:3      | Became a worshipper of Cheibriados the Contemplative
  5303 | D:5      | Reached XP level 8. HP: 47/54 MP: 8/8
  5439 | D:5      | Reached skill level 5 in Fighting
  5439 | D:5      | Reached skill level 5 in Dodging
  5439 | D:5      | Reached skill level 5 in Shields
  5734 | D:5      | Reached skill level 1 in Invocations
  6060 | D:6      | Found a transporter.
  6060 | D:6      | Found a transporter.
  6068 | D:6      | Noticed Edmund
  6069 | D:6      | Noticed TangoThomas's ghost (novice HaAK)
  6079 | D:6      | Reached skill level 5 in Axes
  6088 | D:6      | Killed Edmund
  6116 | D:6      | Reached * piety under Cheibriados
  6234 | D:6      | Found Juothruk's Armour Shop.
  6273 | D:6      | Found Lusm's Jewellery Boutique.
  6288 | D:6      | Found Orchool's Assorted Antiques.
  6313 | D:6      | HP: 2/57 [white imp (3)]
  6314 | D:6      | Killed from afar by a white imp

Illustrated notes

Levels and vault maps discovered:
D:1:      giann_bridges, layout_basic, minmay_misc_feat_plants
D:2:      layout_basic
D:3:      layout_loops_corners, lemuel_doored_altar,
          nicolae_overflow_crystal_walls, minmay_cut_off
D:4:      layout_loops_cross
D:5:      layout_gridville, minmay_temple_entry_gardened_gates, serial_shops,
          nicolae_shop_crystal, minmay_door_square, dk_vineyard_3
D:6:      layout_rooms, grunt_temple_overflow_open, portal_sewer_entry_b,
          gammafunk_ghost_gnarly_gnolls, serial_shops, kennysheep_mini_moat,
          shop, shop, shop_fountains, nicolae_shop_behind_doors,
          amcnicky_mini_pool_small, minmay_gold_behind_fungi,
          minmay_misc_feat_secret_circle, hangedman_decor_peaks_small,
          uniq_edmund
Temple:   nicolae_temple_hex_pool

Skill      XL: |  1  2  3  4  5  6  7  8 |
---------------+-------------------------+-----
Axes           | 3 4 5 |  5.5
Stealth        | 1 2 4 |  4.1
Fighting       | 4 5 |  5.6
Dodging        | 4 5 |  5.6
Shields        | 4 5 |  5.6
Invocations    | 2 |  2.7

Action                   |  1- 3 |  4- 6 |  7- 9 || total
-------------------------+-------+-------+-------++-------
Melee: War axe           |    49 |    22 |       ||    71
       Constrict         |    10 |    13 |    23 ||    46
       Tentacles         |     8 |    13 |    18 ||    39
       Broad axe         |       |    43 |    98 ||   141
  Use: Scroll            |     7 |     4 |     4 ||    15
       Potion            |       |     1 |     3 ||     4
 Stab: Sleeping          |     7 |     4 |     5 ||    16
Armor: Skin              |     3 |     1 |     3 ||     7
Dodge: Dodged            |    24 |    28 |    72 ||   124
Block: Kite shield       |    20 |    34 |    76 ||   130
